 Dungeon Crawl Stone Soup version bcrawl-1.39.1 (webtiles) character file.

Game seed: 383670428542341444

173936 Mehrunes the Magician (level 7, 0/53 HPs)
             Began as a Mummy Fire Elementalist on Sept 26, 2023.
             Was a Believer of Sif Muna.
             Slain by a centaur (4 damage)
             ... on level 5 of the Dungeon.
             The game lasted 00:13:18 (6200 turns).

Mehrunes the Magician (Mummy Fire Elementalist)     Turns: 6200, Time: 00:13:19

Health: 0/53       AC:  3    Str: 11    XL:     7   Next: 95%
Magic:  14/14      EV: 15    Int: 16    God:    Sif Muna [**....]
Gold:   296        SH:  0    Dex: 13    Spells: 3/16 levels left

rFire    x . .     GDR:     25% u - +0 short sword (venom)
rCold    + . .     SeeInvis .   (no shield)
rNeg     + + +     Gourm    .   a - +0 robe
rPois    ∞         Faith    .   l - +0 helmet
rElec    .         Spirit   .   (no cloak)
rCorr    .         Reflect  .   (no gloves)
MR       .....     Clarity  +   (no boots)
Stlth    ++++......             (no amulet)
HPRegen  0.18/turn              b - ring of stealth
MPRegen  0.14/turn              n - +2 ring of evasion

@: about to teleport
A: no food or potions, fire vulnerability, clarity, cold resistance 1, negative
energy resistance 3, torment resistance, unbreathing, strong hexes 1
a: Divine Energy, Renounce Religion


You were on level 5 of the Dungeon.
You worshipped Sif Muna.
Sif Muna was pleased with you.
You were not hungry.

You visited 1 branch of the dungeon, and saw 5 of its levels.

You collected 296 gold pieces.

Inventory:

Hand Weapons
 e - a +0 spear
 o - a +0 flail
 q - a +0 morningstar
 u - a +0 short sword of venom (weapon)
Missiles
 d - 1001 stones (quivered)
 j - 27 curare-tipped needles
Armour
 a - a +0 robe (worn)
 l - a +0 helmet (worn)
 r - a +0 cloak
Jewellery
 b - a ring of stealth (left hand)
 h - an uncursed ring of insulation
 n - a +2 ring of evasion (right hand)
 t - a +4 ring of dexterity
Wands
 c - a wand of flame (4)
Scrolls
 f - 3 scrolls of teleportation
 g - 5 scrolls of remove curse
 k - 2 scrolls of immolation {unknown}
 m - a scroll of noise {unknown}
 p - 2 scrolls of enchant weapon
 s - a scroll of fear {unknown}


   Skills:
 + Level 3.7 Fighting
 + Level 0.7 Short Blades
 - Level 1.0 Maces & Flails
 + Level 3.6 Dodging
 - Level 2.1 Stealth
 - Level 5.0 Spellcasting
 + Level 3.4 Conjurations
 + Level 4.1 Fire Magic


You had 3 spell levels left.
You knew the following spells:

 Your Spells              Type           Power        Failure   Level  Hunger
a - Flame Tongue          Conj/Fire      ###..        3%          1    N/A
b - Conjure Flame         Conj/Fire      ###.....     10%         3    N/A
c - Sticky Flame          Conj/Fire      ###.....     32%         4    N/A
d - Fireball              Conj/Fire      ###.......   65%         5    N/A

Your spell library contained the following spells:

 Spells                   Type           Power        Failure   Level  Hunger
 Magic Dart               Conj           ##..         3%          1    N/A
 Flaming Arrows           Chrm/Fire      ##......     10%         2    N/A
 Inner Flame              Hex/Fire       N/A          21%         3    N/A
 Blink                    Tloc           N/A          22%         2    N/A
 Call Imp                 Summ           #.....       22%         2    N/A
 Passwall                 Tmut/Erth      #.......     22%         2    N/A
 Sticks to Snakes         Tmut           #.......     22%         2    N/A
 Mephitic Cloud           Conj/Pois/Air  #.......     28%         3    N/A
 Recall                   Summ/Tloc      N/A          41%         3    N/A
 Orb of Destruction       Conj           ##........   100%        7    N/A
 Beastly Appendage        Tmut           Unusable     N/A         1    N/A
 Spider Form              Tmut/Pois      Unusable     N/A         3    N/A
 Ice Form                 Ice/Tmut       Unusable     N/A         4    N/A
 Blade Hands              Tmut           Unusable     N/A         5    N/A

Dungeon Overview and Level Annotations

Branches:
Dungeon (5/12)
 Temple: D:4-7

Altars:
Kikubaaqudgha
Makhleb
Nemelex Xobeh
Sif Muna
Uskayaw


Innate Abilities, Weirdness & Mutations

You do not eat or drink.
Your flesh is vulnerable to fire.
You are immune to poison.
You possess an exceptional clarity of mind.
Your flesh is cold resistant. (rC+)
You are immune to negative energy. (rN+++)
You are immune to unholy pain and torment.
You can survive without breathing.
Your hexes are more powerful.


Message History

The centaur is lightly wounded.
The hound bites you but does no damage. The hound barely misses you.
The centaur unwields a +0 shortbow.
The centaur closely misses you. The centaur misses you.
You barely miss the centaur.
The centaur is lightly wounded.
The hound misses you. The centaur barely misses you.
The centaur closely misses you. The hound misses you.
You hit the centaur but do no damage.
The centaur is poisoned.
The hound bites you but does no damage. The centaur hits you!
* * * LOW HITPOINT WARNING * * *
The centaur hits you.
* * * LOW HITPOINT WARNING * * *
A frilled lizard comes into view.
As you read the scroll of teleportation, it crumbles to dust.
You feel strangely unstable. The hound bites you but does no damage.
The centaur hits you.
* * * LOW HITPOINT WARNING * * *
The centaur hits you.
You die...

.........# #....
###.####.# #...# #.##
#.# #...# #.. #.# #...#
#.## #.# #...######l
###.##.#.#####..........
.......................#
.#.##...........hc......
...##...........@c.....#
#.......######..[#####.#
##.##...# #......
#.##.#.# #...###
#...!!.# #...# ####.###
#...# #####.# #...#
......# ##.## #######


You could see 2 centaurs, a hound and a frilled lizard (wandering).

Vanquished Creatures
  A meliai zombie (D:4)
  A centaur (D:3)
  A scorpion (D:2)
  2 orc priests (D:4)
  3 crimson imps
  A jelly (D:5)
  4 hounds (D:4)
  2 orc wizards (D:4)
  Jessica (D:2)
  3 worker ants (D:4)
  Robin (D:2)
  4 gnolls
  5 adders
  3 oozes
  2 worms
  2 dart slugs
  5 leopard geckos
  15 orcs
  4 bats
  3 giant cockroaches
  2 goblins (D:2)
  5 hobgoblins
  9 jackals
  6 frilled lizards
  9 kobolds
  8 rats
102 creatures vanquished.

Notes
Turn   | Place    | Note
-------+----------+-------------------------------------------
     0 | D:1      | Mehrunes the Mummy Fire Elementalist began the quest for
                  | the Orb.
     0 | D:1      | Reached XP level 1. HP: 13/13 MP: 4/4
   211 | D:1      | Reached skill level 1 in Conjurations
   242 | D:1      | Reached XP level 2. HP: 20/20 MP: 1/5
   312 | D:1      | Reached skill level 3 in Spellcasting
   625 | D:1      | Reached skill level 1 in Fighting
   722 | D:1      | Reached XP level 3. HP: 26/26 MP: 4/7
  1138 | D:2      | Learned a level 3 spell: Conjure Flame
  1408 | D:2      | Found a sparkling altar of Nemelex Xobeh.
  1666 | D:2      | Noticed a scorpion
  1698 | D:2      | Killed a scorpion
  1699 | D:2      | Reached XP level 4. HP: 23/33 MP: 0/9
  1781 | D:2      | Noticed Robin
  1806 | D:2      | Killed Robin
  1928 | D:2      | Noticed Jessica
  1931 | D:2      | Killed Jessica
  1932 | D:2      | Reached XP level 5. HP: 38/38 MP: 7/10
  1974 | D:2      | Found a shimmering blue altar of Sif Muna.
  2052 | D:2      | Became a worshipper of Sif Muna the Loreminder
  2142 | D:2      | Learned a level 4 spell: Sticky Flame
  2616 | D:3      | Reached skill level 4 in Spellcasting
  2989 | D:3      | Reached XP level 6. HP: 45/45 MP: 7/12
  3112 | D:3      | Found an ancient bone altar of Kikubaaqudgha.
  3112 | D:3      | Found a blossoming altar of Fedhas.
  3763 | D:4      | Reached * piety under Sif Muna
  4014 | D:4      | Found a burning altar of Makhleb.
  4020 | D:4      | Found a glowing silver altar of Zin.
  4043 | D:4      | Found a sparkling altar of Nemelex Xobeh.
  4572 | D:4      | Reached XP level 7. HP: 42/51 MP: 7/14
  4847 | D:4      | Reached skill level 5 in Spellcasting
  4949 | D:4      | Found a hide-covered altar of Uskayaw.
  5000 | D:4      | Reached skill level 1 in Maces & Flails
  5282 | D:4      | Reached ** piety under Sif Muna
  5282 | D:4      | Identified Exioptu's Grimoire of Translocation and Arcane
                  | Weapons (Sif Muna gifted it to you on level 4 of the
                  | Dungeon)
  5282 | D:4      | Received a gift from Sif Muna
  5290 | D:4      | Learned a level 5 spell: Fireball
  5523 | D:4      | Found a hide-covered altar of Uskayaw.
  5627 | D:4      | Found a burning altar of Makhleb.
  5628 | D:4      | Found a sparkling altar of Nemelex Xobeh.
  5629 | D:4      | Found a glowing silver altar of Zin.
  6083 | D:5      | Entered Level 5 of the Dungeon
  6200 | D:5      | Slain by a centaur

Skill      XL: |  1  2  3  4  5  6  7 |
---------------+----------------------+-----
Conjurations   | 1 2 3 |  3.4
Spellcasting   | 3 4 5 |  5.0
Fighting       | 1 2 3 |  3.7
Dodging        | 2 3 |  3.6
Fire Magic     | 3 4 |  4.1
Maces & Flails | 1 |  1.0
Short Blades   | |  0.7
Stealth        | |  2.1

Action                   |  1- 3 |  4- 6 |  7- 9 || total
-------------------------+-------+-------+-------++-------
Melee: Unarmed           |     3 |       |       ||     3
       Spear             |    26 |    80 |       ||   106
       Flail             |       |    23 |       ||    23
       Short sword       |       |       |    21 ||    21
       Morningstar       |       |       |    13 ||    13
Throw: Stone             |       |     5 |       ||     5
 Cast: Flame Tongue      |    85 |    90 |    49 ||   224
       Conjure Flame     |     1 |     4 |     1 ||     6
  Use: Scroll            |       |     2 |     2 ||     4
 Stab: Sleeping          |       |     2 |       ||     2
Armor: Robe              |     9 |    11 |    12 ||    32
Dodge: Dodged            |    43 |   108 |    60 ||   211
